 Dungeon Crawl Stone Soup version 0.20.0-15-g7f486f2 (webtiles) character file.

2286 Mesmaeker13 the Carver (level 9, 0/81 HPs)
             Began as a Minotaur Gladiator on June 11, 2017.
             Was a Believer of the Shining One.
             Slain by a hornet zombie (9 damage)
             ... on level 7 of the Dungeon.
             The game lasted 00:10:26 (5168 turns).

Mesmaeker13 the Carver (Minotaur Gladiator)         Turns: 5168, Time: 00:10:26

Health: 0/81       AC: 10    Str: 18 (19) XL:     9   Next: 17%
Magic:  11/11      EV: 11    Int:  5 (7)  God:    the Shining One [**....]
Gold:   355        SH:  5    Dex: 12 (13) Spells: 8/8 levels left

rFire    . . .     SeeInvis +   a - +0 long sword
rCold    + + .     Gourm    +   d - +0 buckler
rNeg     + . .     Faith    .   l - +1 scale mail {rC+}
rPois    .         Spirit   .   c - +0 hat
rElec    .         Reflect  .   (no cloak)
rCorr    .         Harm     .   (no gloves)
MR       .....                  p - +0 pair of boots
Stlth    ..........             r - amulet of the gourmand
Regen    0.3/turn               h - ring of protection from cold
MPRegen  0.2/turn               q - ring of see invisible

@: about to teleport, berserk cooldown, slowed, glowing, very slow
A: retaliatory headbutt, horns 2
a: Divine Shield, Renounce Religion


You were on level 7 of the Dungeon.
You worshipped the Shining One.
The Shining One was pleased with you.
You were not hungry.

You visited 1 branch of the dungeon, and saw 7 of its levels.

You collected 355 gold pieces.

Inventory:

Hand Weapons
 a - a +0 long sword (weapon)
Missiles
 b - 7 tomahawks of dispersal
 B - a throwing net (quivered)
 I - 2 tomahawks
Armour
 c - a +0 hat (worn)
 d - a +0 buckler (worn)
 l - a +1 scale mail of cold resistance (worn)
 p - a +0 pair of boots (worn)
Jewellery
 h - a ring of protection from cold (left hand)
 q - a ring of see invisible (right hand)
 r - an amulet of the gourmand (around neck)
Wands
 C - a wand of polymorph (14/24)
 H - a wand of confusion (24/48)
Scrolls
 e - 2 scrolls of fog
 g - a scroll of enchant weapon {unknown}
 j - 2 scrolls of enchant armour {unknown}
 k - a scroll of teleportation
 m - 4 scrolls of magic mapping {unknown}
 o - 3 scrolls of amnesia
 s - 2 scrolls of blinking {unknown}
 u - 3 scrolls of recharging {unknown}
 y - 2 scrolls of fear
 E - a scroll of random uselessness {unknown}
 F - a scroll of noise {unknown}
 G - 4 scrolls of remove curse
 J - a scroll of summoning {unknown}
Potions
 i - a potion of invisibility {unknown}
 n - a potion of berserk rage
 t - a potion of magic {unknown}
 v - 2 potions of curing {unknown}
 x - 2 potions of lignification
 z - 2 potions of might {unknown}
 A - a potion of degeneration
 D - 3 potions of heal wounds
Comestibles
 f - 5 bread rations
 w - a fruit


   Skills:
 + Level 7.9 Fighting
 + Level 8.2 Long Blades
 - Level 2.0 Throwing
 + Level 7.3 Armour
 - Level 3.2 Dodging
 + Level 4.2 Shields
 + Level 4.2 Invocations


You had 8 spell levels left.
You didn't know any spells.

Dungeon Overview and Level Annotations

Branches:
Dungeon (7/15)             Temple (0/1) D:7

Altars:
Ashenzari
Cheibriados
Elyvilon
Fedhas
Gozag
Makhleb
Nemelex Xobeh
Ru
Trog
Uskayaw
Yredelemnul
The Shining One

Shops:
D:5 (


Innate Abilities, Weirdness & Mutations

You reflexively headbutt those who attack you in melee.
You have a pair of horns on your head.


Message History

* * * LOW HITPOINT WARNING * * *
The hippogriff bites you.
* * * LOW HITPOINT WARNING * * *
The hippogriff pecks you.
* * * LOW HITPOINT WARNING * * *
The hippogriff claws you but does no damage.
The hornet zombie hits you!
* * * LOW HITPOINT WARNING * * *
As you read the scroll of teleportation, it crumbles to dust.
You feel strangely unstable.
The hornet zombie hits you but does no damage.
The hippogriff bites you but does no damage.
The hippogriff pecks you but does no damage.
The hippogriff closely misses you. The hornet zombie barely misses you.
The hippogriff completely misses you.
You riposte.
You slash the hippogriff!
The hippogriff is lightly wounded.
The hippogriff pecks you but does no damage.
The hippogriff claws you but does no damage.
The hornet zombie hits you!
You die...

#. #. #. .##
#. .. ###. .#
...###.# #..
#. #..#..##
#.. #.#.
#@....# #.#
#.#.#.
#HZZ(.#
#..#.>.#..#
#Z....#
#.#.#.#.#.#
#.....#
#..#.#.#...
#.....#
#.^.#.#....#
###.### #
##..........#
####.##....
#...#..###..#
#.......#
#...#..###.#
#†##.##.....


You could see a hippogriff, a hornet zombie, a centaur warrior zombie and an
adder skeleton.

Vanquished Creatures
  A hippogriff (D:7)
  A meliai zombie (D:7)
  A hungry ghost (D:6)
  An ice beast (D:7)
  A black bear (D:6)
  A centaur (D:5)
  3 ogres
  2 bullfrogs (D:7)
  6 killer bees (D:7)
  A howler monkey (D:4)
  A bullfrog zombie (D:5)
  5 hounds
  A bullfrog skeleton (D:6)
  3 orc priests
  7 orc wizards
  An iguana (D:5)
  4 worker ants
  A hound skeleton (D:4)
  5 gnolls
  8 adders
  2 shadow imps (D:7)
  An ooze (D:6)
  An adder skeleton (D:4)
  2 worms
  2 dart slugs
  3 leopard geckos
  21 orcs
  5 bats
  5 giant cockroaches
  6 hobgoblins
  12 jackals
  10 kobolds
  3 quokkas
  5 ball pythons
  7 frilled lizards
  6 goblins
  5 rats
150 creatures vanquished.

Vanquished Creatures (others)
  A withered plant (D:7)
1 creature vanquished.

Grand Total: 151 creatures vanquished

Notes
Turn   | Place    | Note
-------+----------+-------------------------------------------
     0 | D:1      | Mesmaeker13 the Minotaur Gladiator began the quest for the Orb.
     0 | D:1      | Reached XP level 1. HP: 18/18 MP: 0/0
    46 | D:1      | Reached skill level 1 in Armour
   133 | D:1      | Reached XP level 2. HP: 22/25 MP: 1/1
   405 | D:1      | Reached XP level 3. HP: 30/31 MP: 2/2
   479 | D:1      | Reached skill level 4 in Long Blades
   737 | D:2      | Found a burning altar of Makhleb.
   739 | D:2      | Reached XP level 4. HP: 31/40 MP: 3/3
  1048 | D:2      | Found a white marble altar of Elyvilon.
  1163 | D:2      | Reached XP level 5. HP: 46/46 MP: 4/4
  1415 | D:2      | Found a shattered altar of Ashenzari.
  1774 | D:3      | Found a blossoming altar of Fedhas.
  1776 | D:3      | Found a bloodstained altar of Trog.
  1778 | D:3      | Found a hide-covered altar of Uskayaw.
  1889 | D:3      | Found a glowing golden altar of the Shining One.
  1898 | D:3      | Reached skill level 5 in Long Blades
  1910 | D:3      | Became a worshipper of the Shining One
  2123 | D:4      | Found a burning altar of Makhleb.
  2127 | D:4      | Noticed an ogre
  2140 | D:4      | Killed an ogre
  2140 | D:4      | Reached XP level 6. HP: 55/55 MP: 5/5
  2247 | D:4      | Reached skill level 5 in Fighting
  2502 | D:4      | Found an opulent altar of Gozag.
  2508 | D:4      | Reached skill level 6 in Long Blades
  2556 | D:4      | Reached XP level 7. HP: 62/62 MP: 6/6
  2665 | D:4      | Found a sacrificial altar of Ru.
  2701 | D:4      | Reached skill level 5 in Armour
  2884 | D:5      | Entered Level 5 of the Dungeon
  3139 | D:5      | Found Fanwott's Weapon Emporium.
  3159 | D:5      | Reached skill level 1 in Invocations
  3406 | D:5      | Reached skill level 7 in Long Blades
  3901 | D:6      | Reached * piety under the Shining One
  4010 | D:6      | Reached XP level 8. HP: 63/71 MP: 8/8
  4072 | D:6      | Reached skill level 1 in Shields
  4626 | D:7      | Found a basalt altar of Yredelemnul.
  4635 | D:7      | Noticed a hippogriff
  4643 | D:7      | Killed a hippogriff
  4656 | D:7      | Found a snail-covered altar of Cheibriados.
  4796 | D:7      | Noticed a hellwing
  4798 | D:7      | Noticed a hellwing
  4798 | D:7      | Reached ** piety under the Shining One
  4803 | D:7      | Reached skill level 8 in Long Blades
  5048 | D:7      | Found a sparkling altar of Nemelex Xobeh.
  5074 | D:7      | Found a staircase to the Ecumenical Temple.
  5115 | D:7      | Reached XP level 9. HP: 64/80 MP: 10/10
  5168 | D:7      | Slain by a hornet zombie

Skill      XL: |  1  2  3  4  5  6  7  8  9 |
---------------+----------------------------+-----
Armour         | 1 2 3 4 5 7 |  7.3
Fighting       | 3 4 5 6 7 |  7.9
Long Blades    | 4 5 6 7 8 |  8.2
Invocations    | 1 3 4 |  4.2
Shields        | 3 4 |  4.2
Throwing       | |  2.0
Dodging        | |  3.2

Action                   |  1- 3 |  4- 6 |  7- 9 || total
-------------------------+-------+-------+-------++-------
Melee: Long sword        |    74 |   135 |   156 ||   365
       Headbutt          |    18 |    18 |    31 ||    67
Throw: Throwing net      |       |     3 |     1 ||     4
       Tomahawk          |       |       |     1 ||     1
Invok: Divine Shield     |       |       |     1 ||     1
Evoke: Wand              |       |       |     2 ||     2
  Use: Scroll            |     1 |     2 |     6 ||     9
       Potion            |       |       |     4 ||     4
  Eat: Chunk             |       |     6 |    13 ||    19
       Fruit             |       |       |     1 ||     1
Armor: Leather armour    |    29 |       |       ||    29
       Ring mail         |       |    34 |       ||    34
       Scale mail        |       |    10 |    76 ||    86
       Skin              |       |       |    22 ||    22
Dodge: Dodged            |    60 |    68 |    82 ||   210
Block: Buckler           |       |       |    37 ||    37
       Rpst.: Long sword |    15 |    12 |    21 ||    48
